AoeStats
← Giladren

Arena

505631293Analyzed
1v1 RM · 21d ago on Sep 10, 2026· 39m 51s· 2 players
Game mode
Random Map
Map size
Tiny (2 player)
Population
200
Speed
Normal
Resources
Standard
Victory
Conquest
Starting age
Dark Age
Ending age
Imperial Age
RankedLock teamsTeams togetherTeam positionsShared explorationLock speedFull tech treeHidden civsTurbo modeCheats
Victory
Defeat
🇨🇳 Britons · China
1073
+14
🇨🇿 Romans · Czechia
1025
-14
Giladren
0:38 Loom
2:40 Loom
6:04 Loom
10:22 Feudal Age
11:11 Double-Bit Axe
11:12 Town Watch
11:28 Horse Collar
13:13 Bloodlines
18:36 Castle Age
17:45 Bloodlines
18:21 Scale Barding Armor
18:13 Man-at-Arms
19:41 Heavy Plow
19:43 Husbandry
22:07 Wheelbarrow
21:19 Town Watch
22:16 Fervor
22:42 Forging
23:41 Bow Saw
26:17 Squires
25:38 Man-at-Arms
26:23 Scale Mail Armor
26:59 Iron Casting
27:29 Long Swordsman
29:47 Fletching
34:34 Imperial Age
35:45 Bodkin Arrow
39:01 Ballistics
38:53 Masonry
177797529
3:51 Loom
10:06 Feudal Age
10:57 Double-Bit Axe
12:09 Horse Collar
17:10 Castle Age
16:56 Stone Mining
18:01 Town Watch
18:11 Gold Mining
18:33 Forging
19:39 Squires
20:09 Scale Mail Armor
23:22 Pikeman
24:39 Wheelbarrow
29:35 Imperial Age
29:13 Gold Shaft Mining
29:28 Fletching
31:57 Conscription
32:02 Ballistics
32:10 Murder Holes
35:35 Hand Cart
35:22 Heavy Plow
35:33 Bow Saw
35:28 Bodkin Arrow
37:16 Two-Man Saw
37:15 Halberdier
37:57 Warwolf
38:57 Yeomen
38:40 Elite Longbowman
Connection lost

Rejoining the realm…

Still unreachable

The connection could not be restored.

Session expired

The server has moved on; the page needs a fresh start.